 Dungeon Crawl Stone Soup version 0.19-a0-49-gb8736b8 (webtiles) character file.

160 M4edhros the Insei (level 5, -1/31 HPs)
             Began as an Octopode Necromancer on May 6, 2016.
             Was an Initiate of Cheibriados.
             Slain by a sky beast (2 damage)
             ... on level 8 of the Dungeon.
             The game lasted 00:03:08 (664 turns).

M4edhros the Insei (Octopode Necromancer)            Turns: 664, Time: 00:03:08

Health: -1/31      AC:  1    Str: 11    XL:     5   Next: 41%
Magic:  2/8        EV: 12    Int: 18    God:    Cheibriados [......]
Gold:   89         SH:  0    Dex: 15    Spells: 3 memorised, 3 levels left

rFire  . . .     SeeInvis .       - Unarmed
rCold  . . .     Gourm    .     (no shield)
rNeg   . . .     Faith    .     (helmet restricted)
rPois  +         Spirit   .     (no amulet)
rElec  .         Dismiss  .     d - ring of poison resistance
rCorr  .         Reflect  .     h - +3 ring of strength
SustAt .         Harm     .     (no ring)
MR     .....                    (no ring)
Stlth  +++.......               (no ring)
                                (no ring)
                                (no ring)
                                (no ring)

@: very slightly contaminated, very slow, not resistant to hostile enchantments,
fairly stealthy
A: almost no armour, amphibious, 8 rings, constrict 8, camouflage 1, gelatinous
body 1
a: Bend Time, Renounce Religion


You were on level 8 of the Dungeon.
You worshipped Cheibriados.
Cheibriados was noncommittal.
You were not hungry.

You visited 1 branch of the dungeon, and saw 8 of its levels.

You collected 89 gold pieces.

Inventory:

Jewellery
 d - a ring of poison resistance (left tentacle)
 h - a +3 ring of strength (right tentacle)
Scrolls
 e - a scroll of enchant weapon {unknown}
 f - a scroll of remove curse {unknown}
 g - a scroll of enchant armour {unknown}
 i - a scroll of identify {unknown}
 k - a scroll of acquirement {unknown}
Potions
 c - a potion of curing
Books
 a - a book of Necromancy

   Spells                             Type                      Level
   a - Pain                           Necromancy                   1
   b - Animate Skeleton               Necromancy                   1
   c - Vampiric Draining              Necromancy                   3
   d - Regeneration                   Charms/Necromancy            3
   e - Animate Dead                   Necromancy                   4
   f - Control Undead                 Necromancy                   4
Comestibles
 b - 3 bread rations


   Skills:
 - Level 2.0 Dodging
 - Level 2.6 Stealth
 + Level 4.9 Unarmed Combat
 - Level 2.0 Spellcasting
 - Level 4.0 Necromancy


You had 3 spell levels left.
You knew the following spells:

 Your Spells              Type           Power        Failure   Level  Hunger
a - Pain                  Necr           ###.         3%          1    #......
b - Animate Skeleton      Necr           N/A          3%          1    #......
r - Regeneration          Chrm/Necr      #.........   24%         3    ###....


Dungeon Overview and Level Annotations

Branches:
Dungeon (8/15)
 Temple: D:4-7         Lair: D:8-11

Altars:
Cheibriados
Elyvilon
Okawaru
Pakellas
Sif Muna
Zin
The Shining One


Innate Abilities, Weirdness & Mutations

You cannot wear most types of armour.
You are amphibious.
You can wear up to eight rings at the same time.
You can use your tentacles to constrict eight enemies at once.
Your skin changes colour to match your surroundings (Stealth).
Your rubbery body absorbs attacks (AC +1).


Message History

Aim: a sky beast (moderately wounded, chance to defeat MR: 75%)
You miscast Pain.
You are very lightly contaminated with residual magic.
Nothing appears to happen.
The sky beast hits you.
* * * LOW HITPOINT WARNING * * *
The sky beast shocks you.
* * * LOW HITPOINT WARNING * * *
Casting: Pain
Confirm with . or Enter, or press ? or * to list all spells.
Aiming: Pain
Press: ? - help, Shift-Dir - straight line, f/p - sky beast
Aim: a sky beast (moderately wounded, chance to defeat MR: 75%)
The sky beast struggles to resist.
The sky beast barely misses you.
Casting: Pain
Confirm with . or Enter, or press ? or * to list all spells.
Aiming: Pain
Press: ? - help, Shift-Dir - straight line, f/p - sky beast
Aim: a sky beast (moderately wounded, chance to defeat MR: 75%)
The sky beast convulses in agony!
The sky beast hits you.
You die...

#............#..#
+............#..#
##....$......##.#
+##...........####
.................#
.................#
...................
.##................
##....@...........
#.....Y...........
#............##..
#............#
#............#
##.....$.....#
#...........#
............#
#....(.......#


You could see a sky beast.

Vanquished Creatures
  A scorpion (D:7)
  A crimson imp (D:5)
  A jelly (D:8)
  A mummy (D:5)
  3 adders
  An adder skeleton (D:4)
  A worm (D:2)
  A bat (D:2)
  A giant cockroach (D:5)
  A kobold (D:2)
12 creatures vanquished.

Notes
Turn   | Place    | Note
--------------------------------------------------------------
     0 | D:1      | M4edhros the Octopode Necromancer began the quest for the Orb.
     0 | D:1      | Reached XP level 1. HP: 11/11 MP: 3/3
    17 | D:2      | Reached skill level 1 in Unarmed Combat
    38 | D:2      | Found a deep blue altar of Sif Muna.
   147 | D:4      | Reached XP level 2. HP: 9/17 MP: 0/5
   185 | D:5      | Entered Level 5 of the Dungeon
   187 | D:5      | Reached XP level 3. HP: 10/21 MP: 1/6
   190 | D:5      | Learned a level 1 spell: Animate Skeleton
   194 | D:5      | Learned a level 3 spell: Regeneration
   296 | D:5      | Found a snail-covered altar of Cheibriados.
   317 | D:5      | Found an oddly glowing altar of Pakellas.
   385 | D:5      | Reached XP level 4. HP: 24/27 MP: 5/7
   409 | D:5      | Became a worshipper of Cheibriados the Contemplative
   504 | D:7      | Found an oddly glowing altar of Pakellas.
   504 | D:7      | Found a glowing silver altar of Zin.
   508 | D:7      | Reached XP level 5. HP: 28/31 MP: 3/8
   509 | D:7      | Found a white marble altar of Elyvilon.
   510 | D:7      | Found an iron altar of Okawaru.
   510 | D:7      | Found a glowing golden altar of the Shining One.
   565 | D:7      | Noticed a centaur
   650 | D:8      | Noticed a sky beast
   664 | D:8      | Slain by a sky beast

Vault maps used:
D:1:      tarquinn_simple_flora_water_b
D:2:      lemuel_round_altar, serial_bayou_lake_a, uniq_natasha
D:3:      ecumenical_altar_1
D:4:      uniq_robin
D:5:      slow_altar_2, basic_altar, first_bread
D:6:      xom_butterflies, serial_shops, shop, minivault_24,
          nemelex_dance_club_becter
D:7:      grunt_temple_overflow_open, minmay_temple_entry_butterflies,
          serial_shops, nicolae_shop_crystal
D:8:      serial_co_window_serial, co_window_of_opportunity_a,
          co_window_paths_a, co_window_paths_b, co_window_corner_a,
          co_window_paths_a, co_window_paths_a, co_window_2corner,
          co_window_paths_c, co_window_corner_b, co_window_corner_cb,
          co_window_broadway_c, co_window_of_opportunity_b,
          co_window_unsneaky_path_b, glass_columns_a, glass_columns_b,
          the_bakery

Skill      XL: |  1  2  3  4 |
---------------+-------------+-----
Unarmed Combat | 2 3 4 |  4.9
Dodging        | |  2.0
Stealth        | |  2.6
Spellcasting   | |  2.0
Necromancy     | |  4.0

Action                   |  1- 3 |  4- 6 || total
-------------------------+-------+-------++-------
Melee: Unarmed           |    32 |     6 ||    38
       Constrict         |     7 |     1 ||     8
       Tentacles         |     3 |     1 ||     4
       Punch             |     1 |       ||     1
 Cast: Pain              |     7 |    13 ||    20
       Regeneration      |     1 |     1 ||     2
  Use: Potion            |       |     2 ||     2
 Stab: Sleeping          |     1 |       ||     1
Armor: Skin              |     1 |       ||     1
Dodge: Dodged            |    22 |     2 ||    24
